[Event "Titled Tuesday Blitz July 26 Early 2022"]
[White "Al-Tarboush, Ward"]
[Black "Xu, Yi"]
[WhiteFideId "7601450"]
[BlackFideId "8605564"]
[WhiteElo "2231"]
[BlackElo "2471"]
[Result "0-1"]
[Round "05"]
[TimeControl "180+1"]
[Date "2022.07.26"]
[WhiteClock "0:00:07"]
[BlackClock "0:00:16"]

1. e4 c6 2. Nf3 d5 3. Nc3 Bg4 4. h3 Bxf3 5. Qxf3 e6 6. d3 Nd7 7. Be2 Bc5 8. O-O Ne7 9. Bg5 Bd4 10. exd5 cxd5 11. Nb5 Be5 12. d4 Bb8 13. Bd3 a6 14. Nc3 h6 15. Bh4 O-O 16. Rae1 Qc7 17. Bg3 Qb6 18. Qg4 Nf6 19. Qh4 Qxb2 20. Na4 Qb4 21. Nc5 Nc6 22. Nb3 a5 23. Bxb8 Raxb8 24. a3 Qxa3 25. f4 a4 26. Nd2 Nxd4 27. f5 Nxf5 28. Bxf5 exf5 29. Rxf5 Qc5+ 30. Kh1 Qxc2 31. Rf2 Qg6 32. Nf3 a3 33. Ne5 Qg5 34. Qa4 Rfe8 35. Rfe2 Ra8 36. Nf3 Rxa4 37. Rxe8+ Nxe8 38. Rxe8+ Kh7 39. Nxg5+ hxg5 0-1


[Site "https://www.chess.com"]

[Event "Titled Tuesday Blitz July 26 Early 2022"]
[White "Andreikin, Dmitry"]
[Black "Pakleza, Zbigniew"]
[WhiteFideId "4158814"]
[BlackFideId "1119290"]
[WhiteElo "2736"]
[BlackElo "2467"]
[Result "0-1"]
[Round "05"]
[TimeControl "180+1"]
[Date "2022.07.26"]
[WhiteClock "0:00:49"]
[BlackClock "0:01:24"]

1. d4 d5 2. c4 c6 3. Nf3 Nf6 4. Qb3 Qb6 5. Nc3 dxc4 6. Qxc4 Bf5 7. g3 e6 8. Bg2 Qb4 9. Nd2 Nbd7 10. e4 Bg6 11. a3 Qxc4 12. Nxc4 Nb6 13. Na5 O-O-O 14. Be3 Ng4 15. O-O-O Nxe3 16. fxe3 Be7 17. e5 Nd5 18. Kd2 Bg5 19. Nxd5 cxd5 20. h4 Be7 21. g4 h5 22. g5 Bf5 23. Bh3 Bxh3 24. Rxh3 f6 25. gxf6 gxf6 0-1


[Site "https://www.chess.com"]

[Event "Titled Tuesday Blitz July 26 Early 2022"]
[White "Atakhan, Abtin"]
[Black "Rodchenkov, Sergey D."]
[WhiteFideId "22502203"]
[BlackFideId "4168712"]
[WhiteElo "2087"]
[BlackElo "2293"]
[Result "1-0"]
[Round "05"]
[TimeControl "180+1"]
[Date "2022.07.26"]
[WhiteClock "0:00:08"]
[BlackClock "0:00:14"]

1. c4 e5 2. g3 Nf6 3. Bg2 c6 4. Nf3 e4 5. Nd4 Qb6 6. Nb3 a5 7. d3 a4 8. N3d2 Bc5 9. O-O e3 10. fxe3 Bxe3+ 11. Kh1 Ng4 12. Ne4 d5 13. cxd5 O-O 14. Nbc3 Bxc1 15. Qxc1 Ne3 16. Rf3 Nxd5 17. Nxd5 cxd5 18. Ng5 Nc6 19. Qf4 Be6 20. Raf1 h6 21. Nxe6 fxe6 22. Qd6 Rxf3 23. Qxe6+ Kh8 24. Bxf3 Qxb2 25. Bxd5 Nd4 26. Qe5 Qxe2 27. Qxe2 Nxe2 28. Bxb7 Ra7 29. Be4 g6 30. Bxg6 Kg7 31. Be4 Nc3 32. a3 Nb5 33. Ra1 Kf6 34. Bc6 Nd4 35. Bd5 Ke5 36. Bc4 Nc2 37. Ra2 Ne3 38. Re2 Kd4 39. Kg1 Nxc4 40. dxc4 Kxc4 41. Re3 Rd7 42. Kf2 Rd2+ 43. Kg1 Rb2 44. g4 Rb3 45. Re4+ Kd3 46. Rxa4 Ke3 47. Kg2 Rb2+ 48. Kg3 Rb3 49. h3 Ke2+ 50. Kh4 Ke3 51. Kh5 Kf2 52. h4 Rh3 53. g5 hxg5 54. Kxg5 Kg3 55. h5 Kf3 56. Rg4 Kf2 57. a4 Re3 58. a5 Re8 59. Kh6 Ra8 60. Rg5 Re8 61. Kg7 Kf3 62. h6 Kf4 63. Rg6 Kf5 64. Rf6+ Kg5 65. Rf7 Re6 66. h7 Rg6+ 67. Kf8 Rh6 68. Kg8 Rg6+ 69. Rg7 Kh6 70. Rxg6+ Kxg6 71. h8=Q Kf5 72. Qd4 1-0


[Site "https://www.chess.com"]

[Event "Titled Tuesday Blitz July 26 Early 2022"]
[White "Coto Mederos, Michel"]
[Black "Mamedov, Edgar"]
[WhiteFideId "3508528"]
[BlackFideId "13739980"]
[WhiteElo "2427"]
[BlackElo "2107"]
[Result "1-0"]
[Round "05"]
[TimeControl "180+1"]
[Date "2022.07.27"]
[WhiteClock "0:00:05"]
[BlackClock "0:00:02"]

1. d4 d5 2. c4 c6 3. Nf3 Nf6 4. Nc3 e6 5. cxd5 exd5 6. Bg5 Be7 7. e3 O-O 8. Bd3 h6 9. Bh4 Re8 10. O-O Nbd7 11. Qc2 Nf8 12. Rab1 a5 13. a3 Ne6 14. b4 axb4 15. axb4 b5 16. Ne5 Bb7 17. Ne2 Ra4 18. Nxc6 Bxc6 19. Qxc6 Rxb4 20. Bxb5 Rf8 21. Rxb4 Bxb4 22. Rc1 Ng5 23. Bxg5 hxg5 24. Ng3 Ng4 25. Be2 Nf6 26. h3 g6 27. Bf3 Kg7 28. Ne2 Rh8 29. Rb1 Bd6 30. g3 Rxh3 31. Rb7 Qa5 32. Rb1 Be7 33. Nc3 g4 34. Bg2 Rh5 35. Rf1 Bb4 36. Ne2 Qd8 37. Nf4 Rf5 38. Qb7 Qd6 39. Rb1 g5 40. Qxb4 Qxb4 41. Rxb4 gxf4 42. gxf4 Rh5 43. Rb5 Kg6 44. Rc5 Rf5 45. Bf1 Rh5 46. Bd3+ Kg7 47. Bb1 Kf8 48. Ba2 Ke7 49. Ra5 Ke6 50. Ra6+ Ke7 51. Ra5 Ke6 52. Kg2 Ne4 53. Bb1 Nd2 54. Bd3 Nf3 55. Ra6+ Ke7 56. Kg3 f5 57. Ra7+ Ke6 58. Ra6+ Ke7 59. Bf1 Nd2 60. Bg2 Ne4+ 61. Bxe4 dxe4 62. Rb6 Rh3+ 63. Kg2 Rf3 64. Rg6 g3 65. Rxg3 Rxg3+ 66. Kxg3 1-0


[Site "https://www.chess.com"]

[Event "Titled Tuesday Blitz July 26 Early 2022"]
[White "Cruz Mendez, Jean Marco"]
[Black "Goltsev, Dmitry"]
[WhiteFideId "3526402"]
[BlackFideId "24176710"]
[WhiteElo "2064"]
[BlackElo "2258"]
[Result "0-1"]
[Round "05"]
[TimeControl "180+1"]
[Date "2022.07.26"]
[WhiteClock "0:00:06"]
[BlackClock "0:01:04"]

1. e4 e6 2. d4 d5 3. Nc3 Nf6 4. e5 Nfd7 5. f4 c5 6. Nf3 Nc6 7. Ne2 a6 8. c3 b5 9. Be3 a5 10. Ng3 b4 11. Bd3 Ba6 12. O-O g6 13. Bxa6 Rxa6 14. dxc5 Nxc5 15. Nd4 h5 16. Rc1 h4 17. Nge2 Ne4 18. cxb4 Nxd4 19. Nxd4 Bxb4 20. Qa4+ Kf8 21. Nc6 Qe8 22. Qb5 Ra8 23. Qe2 Kg7 24. Nd4 Qd7 25. Qg4 Kf8 26. a3 Bd2 27. Bxd2 Nxd2 28. Rf2 Ne4 29. Rfc2 Qa7 30. h3 Qxd4+ 31. Kh2 Kg7 32. Rc7 Qe3 33. Qxe6 Qxf4+ 34. Kh1 Qxc1+ 0-1


[Site "https://www.chess.com"]

[Event "Titled Tuesday Blitz July 26 Early 2022"]
[White "Csonka, Balazs"]
[Black "Ronka, Erik"]
[WhiteFideId "742910"]
[BlackFideId "505080"]
[WhiteElo "2404"]
[BlackElo "2264"]
[Result "1-0"]
[Round "05"]
[TimeControl "180+1"]
[Date "2022.07.26"]
[WhiteClock "0:00:06"]
[BlackClock "0:00:43"]

1. d4 d5 2. c4 c6 3. Nc3 Nf6 4. e3 e6 5. Nf3 Nbd7 6. Qc2 Bd6 7. b3 O-O 8. Be2 b6 9. O-O Bb7 10. Bb2 Qe7 11. Rad1 Rad8 12. Rfe1 Rfe8 13. Bf1 e5 14. dxe5 Nxe5 15. Nd4 g6 16. cxd5 cxd5 17. Ndb5 Bb8 18. Ba3 Qe6 19. Nd4 Qg4 20. Qe2 Qh4 21. g3 Qh6 22. Bg2 Neg4 23. h3 Ne5 24. Rc1 Ne4 25. Nxe4 dxe4 26. Red1 Nd3 27. Rc3 Qg5 28. Qd2 Nc5 29. Qc1 Nd3 30. Rcxd3 exd3 31. Bxb7 Bxg3 32. fxg3 Qxg3+ 33. Bg2 Rxe3 34. Bb2 Rde8 35. Rf1 Re2 36. Nxe2 Rxe2 37. Qc8+ Re8 38. Qxe8# 1-0


[Site "https://www.chess.com"]

[Event "Titled Tuesday Blitz July 26 Early 2022"]
[White "Derraugh, Geordie"]
[Black "Ozer, Omer Faruk"]
[WhiteFideId "2603950"]
[BlackFideId "6354564"]
[WhiteElo "2116"]
[BlackElo "2050"]
[Result "0-1"]
[Round "05"]
[TimeControl "180+1"]
[Date "2022.07.27"]
[WhiteClock "0:00:01"]
[BlackClock "0:00:32"]

1. e4 Nf6 2. e5 Nd5 3. d4 d6 4. Nf3 Bg4 5. Be2 e6 6. O-O Be7 7. c4 Nb6 8. exd6 cxd6 9. Nc3 O-O 10. Be3 Nc6 11. b3 d5 12. Ne5 Bxe2 13. Qxe2 Nxe5 14. dxe5 dxc4 15. Bxb6 Qxb6 16. Qxc4 Rac8 17. Qd3 Rfd8 18. Qf3 Qa5 19. Na4 b5 20. Nb2 Qd2 21. Rab1 Qd4 22. Qb7 Ba3 23. Nd1 Qxe5 24. Qxa7 Bc5 25. Qb7 Ra8 26. a4 bxa4 27. bxa4 Rxa4 28. g3 h5 29. Qf3 h4 30. Rb7 Rf8 31. Nb2 Ra3 32. Nc4 Rxf3 33. Nxe5 Rf5 34. Nd7 hxg3 35. hxg3 Rd8 36. Nxc5 Rxc5 37. Kg2 Rd2 38. Rb3 Rcc2 39. Rf3 f5 40. Re1 Kf7 41. g4 Kf6 42. gxf5 exf5 43. Rb1 Rd6 44. Rb5 g6 45. Ra5 Rc4 46. Rb5 Rg4+ 47. Rg3 Rf4 48. Rf3 Kg5 49. Rxf4 Kxf4 50. Rb4+ Kg5 51. Kg3 Rd3+ 52. f3 Rd1 53. Ra4 f4+ 54. Kg2 Rd2+ 55. Kh3 Rf2 56. Ra5+ Kh6 57. Ra3 Kh5 58. Rb3 g5 59. Ra3 Re2 60. Ra8 Re3 61. Rh8+ Kg6 0-1


[Site "https://www.chess.com"]

[Event "Titled Tuesday Blitz July 26 Early 2022"]
[White "Dimitrov, Atanas"]
[Black "D`Arruda, Ricardo D."]
[WhiteFideId "2901315"]
[BlackFideId "100692"]
[WhiteElo "2563"]
[BlackElo "2455"]
[Result "0-1"]
[Round "05"]
[TimeControl "180+1"]
[Date "2022.07.27"]
[WhiteClock "0:00:07"]
[BlackClock "0:00:25"]

1. Nf3 d5 2. g3 Nf6 3. Bg2 c6 4. O-O g6 5. c4 Bg7 6. cxd5 cxd5 7. d4 O-O 8. Nc3 Ne4 9. Nd2 Nxd2 10. Qxd2 Nc6 11. e3 Be6 12. b3 Rc8 13. Bb2 f6 14. Na4 b6 15. Rac1 Qd7 16. a3 Na5 17. Qb4 Rfd8 18. Rfd1 Bf8 19. Bf1 Bh3 20. Nc5 bxc5 21. Qxa5 Bxf1 22. Rxf1 c4 23. bxc4 Rxc4 24. Rxc4 dxc4 25. Rc1 Rc8 26. Bc3 e6 27. Bb4 Bxb4 28. Qxb4 Qc6 29. Rc3 f5 30. Qe7 a6 31. Qb4 Qb5 32. Qd6 Qc6 33. Qe5 Kf7 34. h4 Qd5 35. Qf4 Qe4 36. Qh6 Kg8 37. Qf4 Qxf4 38. gxf4 Kf7 39. Kg2 Ke7 40. Kf3 Kd6 41. e4 fxe4+ 42. Kxe4 Rc7 43. f3 a5 44. a4 Rc8 45. h5 gxh5 46. f5 exf5+ 47. Kxf5 Kd5 48. Kg5 Kxd4 49. Rc1 c3 50. f4 Kd3 51. f5 Kd2 52. Rh1 c2 53. f6 c1=Q 54. Rxc1 Kxc1 55. Kxh5 Rf8 56. Kg5 Kc2 57. Kh6 Rxf6+ 0-1


[Site "https://www.chess.com"]

[Event "Titled Tuesday Blitz July 26 Early 2022"]
[White "Djokic, Mihailo"]
[Black "Ohanyan, Emin"]
[WhiteFideId "976440"]
[BlackFideId "13312022"]
[WhiteElo "2246"]
[BlackElo "1927"]
[Result "0-1"]
[Round "05"]
[TimeControl "180+1"]
[Date "2022.07.26"]
[WhiteClock "0:00:06"]
[BlackClock "0:00:07"]

1. e4 e5 2. Nf3 Nc6 3. Nc3 Nf6 4. Bb5 Nd4 5. Ba4 Nxf3+ 6. gxf3 c6 7. d4 Qa5 8. Bb3 Bb4 9. Qd3 d5 10. dxe5 dxe4 11. fxe4 Nxe4 12. Qxe4 Bxc3+ 13. bxc3 Qxc3+ 14. Ke2 Qxa1 15. Ba3 Qc3 16. Bb4 Qh3 17. Rg1 Be6 18. Ba4 Qh5+ 19. Ke1 O-O-O 20. Bd6 Rxd6 21. exd6 Qa5+ 22. Kd1 Rd8 23. Kc1 Rxd6 24. Rd1 Rxd1+ 25. Kxd1 Qd5+ 26. Qxd5 Bxd5 27. a3 b5 28. Bb3 0-1


[Site "https://www.chess.com"]

[Event "Titled Tuesday Blitz July 26 Early 2022"]
[White "Domingo Nunez, Ruben"]
[Black "Aravindh, Chithambaram VR."]
[WhiteFideId "22245570"]
[BlackFideId "5072786"]
[WhiteElo "2373"]
[BlackElo "2577"]
[Result "0-1"]
[Round "05"]
[TimeControl "180+1"]
[Date "2022.07.26"]
[WhiteClock "0:00:02"]
[BlackClock "0:00:06"]

1. c4 g6 2. g3 Bg7 3. Bg2 c6 4. e4 c5 5. Ne2 Nc6 6. O-O d6 7. Nbc3 h5 8. h3 Bd7 9. Rb1 Qc8 10. Kh2 Nf6 11. d3 h4 12. g4 Bxg4 13. hxg4 h3 14. Bf3 Ne5 15. Ng3 Nxf3+ 16. Qxf3 Nxg4+ 17. Kh1 Ne5 18. Qe2 h2 19. Nd5 e6 20. Ne3 Nc6 21. Nc2 Qd7 22. Be3 b6 23. b4 O-O 24. b5 Ne7 25. Kxh2 d5 26. Rbd1 a6 27. exd5 exd5 28. d4 axb5 29. dxc5 bxc4 30. Nb4 d4 31. Qxc4 bxc5 32. Qxc5 Rfc8 33. Qg5 Rab8 34. a3 Rb5 35. Qh4 Rc4 36. Qe4 Nf5 37. Bc1 Rc8 38. Nxf5 Rxf5 39. Bf4 Re8 40. Qf3 Rxf4 41. Qg3 Be5 42. Kg2 Rg4 0-1


[Site "https://www.chess.com"]

[Event "Titled Tuesday Blitz July 26 Early 2022"]
[White "Drygalov, Andrey"]
[Black "Lianes Garcia, Marcos"]
[WhiteFideId "24171735"]
[BlackFideId "32060777"]
[WhiteElo "2531"]
[BlackElo "2334"]
[Result "0-1"]
[Round "05"]
[TimeControl "180+1"]
[Date "2022.07.26"]
[WhiteClock "0:00:01"]
[BlackClock "0:00:05"]

1. e4 g6 2. d4 Bg7 3. Nc3 c5 4. dxc5 Bxc3+ 5. bxc3 Qa5 6. Qd4 Nf6 7. Qb4 Qc7 8. Nf3 Nc6 9. Qc4 b6 10. Bd3 bxc5 11. Qxc5 d6 12. Qg5 h6 13. Qe3 Ng4 14. Qe2 Nge5 15. Nd2 Na5 16. O-O Qxc3 17. Rb1 Qc7 18. Bb2 O-O 19. Qe3 Kh7 20. h3 f6 21. Qd4 Be6 22. f4 Nec4 23. Bc3 Nxd2 24. Bxd2 Nc4 25. Bc1 Nb6 26. f5 Bf7 27. fxg6+ Bxg6 28. Qf2 Nc4 29. Qh4 h5 30. Rf5 Kg7 31. Rxh5 Bxh5 32. Qxh5 Rh8 33. Qg4+ Kf7 34. Qe2 Ne5 35. Be3 Nxd3 36. Qxd3 Rac8 37. Qd5+ Kf8 38. Rf1 Qxc2 39. Bd4 Qc4 40. Qf5 Ke8 41. Bf2 Rf8 42. Re1 Rc5 43. Qg6+ Kd7 44. Qg4+ Qe6 45. Qe2 Re5 46. Rc1 Ke8 47. Qc2 Kf7 48. Qe2 Rxe4 49. Qh5+ Kg7 50. Rc3 Re5 51. Qf3 Rf5 52. Qg4+ Kf7 53. Rg3 Rg5 54. Qf4 Rxg3 55. Bxg3 Rg8 56. Qf3 a5 57. Qh5+ Rg6 58. Kh2 f5 59. Qh7+ Rg7 60. Qh4 Qf6 61. Qf4 Qg6 62. Qc4+ Qe6 63. Qc3 Qe4 64. Kg1 f4 65. Qb3+ d5 66. Bxf4 Qxg2# 0-1


[Site "https://www.chess.com"]

[Event "Titled Tuesday Blitz July 26 Early 2022"]
[White "Dubov, Daniil"]
[Black "Maksimovic, Bojan"]
[WhiteFideId "24126055"]
[BlackFideId "14408120"]
[WhiteElo "2791"]
[BlackElo "2453"]
[Result "1/2-1/2"]
[Round "05"]
[TimeControl "180+1"]
[Date "2022.07.26"]
[WhiteClock "0:00:08"]
[BlackClock "0:00:09"]

1. Nf3 Nf6 2. g3 g6 3. Bg2 Bg7 4. b3 d6 5. d4 c5 6. c4 Ne4 7. Bb2 Qa5+ 8. Nbd2 Nc6 9. e3 O-O 10. a3 Nxd2 11. Qxd2 Qxd2+ 12. Kxd2 Na5 13. Kc3 Be6 14. Nd2 Rac8 15. Kd3 cxd4 16. Bxd4 Nxb3 17. Nxb3 Bxc4+ 18. Kd2 Bxb3 19. Bxg7 Kxg7 20. Rhb1 Rc2+ 21. Ke1 Bc4 22. Bf1 Bxf1 23. Kxf1 b6 24. a4 Rfc8 25. a5 bxa5 26. Kg2 Rd2 27. Rb7 Rcc2 28. Rf1 Kf6 29. Rxa7 Ra2 30. g4 Rdc2 31. Kg3 a4 32. h4 h6 33. g5+ hxg5 34. hxg5+ Ke6 35. f4 Rc3 36. Kf3 a3 37. Rb1 Rb2 38. Rxa3 Rxb1 39. Rxc3 Kf5 40. Rc7 Ke6 41. e4 Rb3+ 42. Kf2 f6 43. gxf6 Kxf6 44. Ra7 Rc3 45. Ra6 Ke6 46. Ke2 g5 47. fxg5 Ke5 48. Ra7 e6 49. Ra4 Rg3 50. Kf2 Rxg5 51. Kf3 Rg8 52. Ra5+ Kf6 53. Ra6 Ke5 54. Ra5+ Kd4 55. Ra4+ Kc5 56. Ra5+ Kb6 57. Ra1 Rh8 58. Rc1 Kb5 59. Kf4 Rf8+ 60. Ke3 Kb6 61. Rc2 Rf7 62. Rc1 Rc7 63. Rb1+ Kc6 64. Rh1 Ra7 65. Rc1+ Kd7 66. Rc2 Ra3+ 67. Ke2 Ke7 68. Rc6 Rb3 69. Ra6 Kd7 70. Kd2 Kc7 71. Ke2 Rb6 72. Ra5 Kc6 73. Rh5 Rb3 74. Rh8 Kc5 75. Rd8 e5 76. Rd7 Ra3 77. Rd8 Ra2+ 78. Kd3 Ra3+ 79. Kd2 Ra6 80. Kc3 Ra3+ 81. Kd2 Rh3 82. Ke2 Rg3 83. Kd2 Rg4 84. Kd3 Rg3+ 85. Kd2 Rf3 86. Ke2 Rb3 87. Kd2 Kd4 88. Rxd6+ Kxe4 89. Rh6 Rb2+ 90. Ke1 Kf4 91. Rh4+ Kf3 92. Rh3+ Kg4 93. Ra3 e4 94. Rc3 Kf4 95. Ra3 Rh2 96. Rb3 Rg2 97. Ra3 Rg8 98. Rb3 Ra8 99. Ke2 Ra2+ 100. Ke1 e3 101. Rb8 Kf3 102. Rf8+ Ke4 103. Re8+ Kf3 104. Rf8+ Ke4 105. Re8+ Kf3 106. Rf8+ 1/2-1/2


[Site "https://www.chess.com"]

[Event "Titled Tuesday Blitz July 26 Early 2022"]
[White "Filip, Andrei"]
[Black "Terletsky, Oleg"]
[WhiteFideId "1249452"]
[BlackFideId "14116774"]
[WhiteElo "1825"]
[BlackElo "1988"]
[Result "0-1"]
[Round "05"]
[TimeControl "180+1"]
[Date "2022.07.27"]
[WhiteClock "0:00:05"]
[BlackClock "0:00:03"]

1. e4 e5 2. Nf3 Nc6 3. Bc4 Nf6 4. Ng5 d5 5. exd5 Na5 6. Bb5+ c6 7. dxc6 bxc6 8. Bd3 Nd5 9. Nf3 Bd6 10. O-O O-O 11. Re1 Re8 12. c3 f5 13. Bf1 e4 14. Nd4 Nf6 15. b4 Bxh2+ 16. Kxh2 Ng4+ 17. Kg1 Qh4 18. Nf3 exf3 19. Rxe8+ Kf7 20. Bc4+ Nxc4 21. Qxf3 Kxe8 22. Qxc6+ Kd8 23. Qd5+ Ke7 24. Qc5+ Nd6 25. d3 Qh2+ 26. Kf1 Qh1+ 27. Ke2 Qxc1 28. f3 Qb2+ 29. Nd2 Qxa1 30. fxg4 Qxa2 31. Qc6 Qe6+ 32. Kd1 Bb7 33. Qc7+ Qd7 34. Qc5 Rc8 35. Qe5+ Qe6 36. Qxg7+ Nf7 37. g5 Bxg2 38. Qxh7 Rxc3 39. Qh4 Kd7 40. Qd4+ Bd5 41. Qxc3 Nxg5 42. Qg7+ Nf7 43. Qf8 Nd6 44. Qg7+ Qe7 45. Qd4 Ke6 46. Qe3+ Kf7 47. Qd4 Be6 48. Qc5 Ne8 49. Qd4 Nf6 50. Qh4 Qd7 51. Qg3 Qd5 52. Qc7+ Qd7 53. Qg3 Ng4 54. Qf3 Kg6 55. Qg3 Qd5 56. Nc4 Qd4 57. Kc1 Bxc4 58. dxc4 Qxc4+ 59. Kb2 Qxb4+ 60. Ka2 Qa5+ 61. Kb1 Qb6+ 62. Ka2 Qa5+ 63. Kb1 Qb5+ 64. Ka1 Qe5+ 65. Kb1 Qxg3 0-1


[Site "https://www.chess.com"]

[Event "Titled Tuesday Blitz July 26 Early 2022"]
[White "Garrido, Denis"]
[Black "Pfreundt, Jakob"]
[WhiteFideId "601217"]
[BlackFideId "12918156"]
[WhiteElo "2414"]
[BlackElo "2345"]
[Result "1-0"]
[Round "05"]
[TimeControl "180+1"]
[Date "2022.07.27"]
[WhiteClock "0:00:13"]
[BlackClock "0:00:01"]

1. e4 e5 2. Nf3 Nf6 3. Nxe5 d6 4. Nf3 Nxe4 5. d4 d5 6. Bd3 Be7 7. O-O Bf5 8. Re1 O-O 9. Nbd2 Nd6 10. Nf1 c6 11. Bf4 Bxd3 12. Qxd3 Na6 13. h4 Nc7 14. Ng5 Bxg5 15. Bxg5 f6 16. Bf4 Qd7 17. Ng3 Rae8 18. Kf1 Rxe1+ 19. Rxe1 Re8 20. Rxe8+ Ncxe8 21. f3 Qe6 22. b3 g6 23. Kf2 Kf7 24. h5 Ng7 25. Bxd6 Qxd6 26. h6 Ne6 27. Ne2 Qh2 28. Qe3 Qh4+ 29. Kg1 Qe1+ 30. Kh2 Qh4+ 31. Kg1 g5 32. c4 Qe1+ 33. Kh2 Qh4+ 34. Kg1 Qxh6 35. cxd5 cxd5 36. Qc3 Qg6 37. Qc8 Qd3 38. Qd7+ Kg6 39. Qxe6 Qb1+ 40. Kh2 Qxa2 41. Ng3 Qc2 42. Qg8+ Kh6 43. Qf8+ Kg6 44. Qe8+ Kg7 45. Qd7+ Kg6 46. Qxd5 h5 47. Qe4+ Qxe4 48. fxe4 a5 49. Nf5 b5 50. Nd6 a4 51. bxa4 bxa4 52. Nc4 g4 53. Kg3 Kg5 54. d5 h4+ 55. Kf2 Kg6 56. Ke3 f5 57. d6 h3 58. gxh3 gxh3 59. d7 h2 60. d8=Q h1=Q 61. Ne5+ Kg7 62. Qe7+ Kh8 63. Qf8+ Kh7 64. Qf7+ Kh6 65. Qf6+ Kh7 66. Qxf5+ Kg7 67. Qf7+ Kh6 68. Qf8+ Kh7 69. Qf7+ Kh6 70. Nf3 1-0


[Site "https://www.chess.com"]

[Event "Titled Tuesday Blitz July 26 Early 2022"]
[White "Gheorghiu, Calin"]
[Black "Paravyan, David"]
[WhiteFideId "1200305"]
[BlackFideId "4194985"]
[WhiteElo "2168"]
[BlackElo "2569"]
[Result "0-1"]
[Round "05"]
[TimeControl "180+1"]
[Date "2022.07.27"]
[WhiteClock "0:00:06"]
[BlackClock "0:02:17"]

1. b3 Nf6 2. Bb2 g6 3. g3 d5 4. Bg2 Bg7 5. e3 c5 6. Ne2 h5 7. h3 Nc6 8. O-O Qc7 9. c4 dxc4 10. bxc4 h4 11. d4 hxg3 12. fxg3 Bxh3 13. Nbc3 O-O-O 14. Nf4 Bxg2 15. Kxg2 cxd4 16. Nb5 Qd7 17. Qa4 g5 18. Nxa7+ Nxa7 19. Qxa7 gxf4 20. Bxd4 Qc6+ 21. Kf2 Rh2+ 22. Ke1 Rxd4 23. Qxd4 fxe3 24. Rd1 Qd6 25. Qxd6 exd6 26. Rxd6 Ne4 27. Rd3 Bc3+ 28. Rxc3 Nxc3 0-1


[Site "https://www.chess.com"]

[Event "Titled Tuesday Blitz July 26 Early 2022"]
[White "Gil Alba, Hector Luis"]
[Black "Papasimakopoulos, Alexandros"]
[WhiteFideId "3504670"]
[BlackFideId "4244125"]
[WhiteElo "2331"]
[BlackElo "2340"]
[Result "0-1"]
[Round "05"]
[TimeControl "180+1"]
[Date "2022.07.27"]
[WhiteClock "0:00:28"]
[BlackClock "0:00:37"]

1. e4 e6 2. d4 d5 3. Nd2 Nf6 4. e5 Nfd7 5. Bd3 c5 6. c3 Nc6 7. Ngf3 a5 8. O-O Be7 9. a3 a4 10. Re1 cxd4 11. cxd4 g5 12. g4 h5 13. h3 hxg4 14. hxg4 Qb6 15. Nf1 Nxd4 16. Nxg5 Nb3 17. Rb1 Nxc1 18. Qxc1 Rg8 19. Nh3 Rxg4+ 20. Kh2 Nxe5 21. Rxe5 Bd6 22. f4 Bxe5 23. fxe5 Bd7 24. Qe3 Qb3 25. Qe2 Rg8 26. Ne3 Bc6 27. Rg1 O-O-O 28. Ng4 Rg7 29. Nf6 Rxg1 30. Kxg1 Rh8 31. Kh2 Bb5 0-1


[Site "https://www.chess.com"]

[Event "Titled Tuesday Blitz July 26 Early 2022"]
[White "Gracia Alvarez, Gerardo Antonio"]
[Black "Sorkin, Igor"]
[WhiteFideId "5109124"]
[BlackFideId "2803283"]
[WhiteElo "2139"]
[BlackElo "2401"]
[Result "0-1"]
[Round "05"]
[TimeControl "180+1"]
[Date "2022.07.26"]
[WhiteClock "0:00:27"]
[BlackClock "0:01:15"]

1. e4 c5 2. Nf3 e6 3. d4 cxd4 4. Nxd4 Bc5 5. Nb3 Bb6 6. Bd3 Ne7 7. O-O Nbc6 8. c4 d5 9. cxd5 exd5 10. exd5 Qxd5 11. Nc3 Qd8 12. Bg5 O-O 13. Qe2 Be6 14. Rad1 Qc8 15. Nb5 a6 16. Nd6 Qc7 17. Ne4 Ng6 18. Qh5 Nce5 19. Bb1 Bg4 20. Nf6+ gxf6 21. Qh6 fxg5 0-1


[Site "https://www.chess.com"]

[Event "Titled Tuesday Blitz July 26 Early 2022"]
[White "Guz, Ari"]
[Black "Timofeev, Artyom"]
[WhiteFideId "2825759"]
[BlackFideId "4140419"]
[WhiteElo "1913"]
[BlackElo "2578"]
[Result "0-1"]
[Round "05"]
[TimeControl "180+1"]
[Date "2022.07.26"]
[WhiteClock "0:00:05"]
[BlackClock "0:00:27"]

1. e4 c6 2. Nf3 d5 3. Nc3 dxe4 4. Nxe4 Nf6 5. Qe2 Bf5 6. Nxf6+ gxf6 7. d3 h5 8. g3 Qd7 9. Bg2 Na6 10. Bf4 e6 11. a3 Bg4 12. h3 Bxf3 13. Bxf3 h4 14. gxh4 Rxh4 15. Bg3 Rh8 16. h4 O-O-O 17. O-O-O Nc7 18. h5 Nd5 19. Kb1 Ne7 20. Qe3 Nf5 21. Qxa7 Bd6 22. Bxd6 Qxd6 23. Be4 Ne7 24. h6 f5 25. Bf3 Qd4 26. Qxd4 Rxd4 27. Bh5 Rxh6 28. Bxf7 Rf6 29. Rh7 Nd5 30. Rg1 Rg4 31. Rxg4 fxg4 32. Bh5 Rf4 33. Kc1 Nf6 34. Bf7 Kd7 35. Rh2 e5 36. Kd2 Kd6 37. Ke3 Rf3+ 38. Ke2 Rf4 39. Bc4 b5 40. Bb3 c5 41. Bf7 Ke7 42. Bg6 Kf8 43. Ke3 Nd5+ 44. Ke2 Nf6 45. Ke3 g3 46. fxg3 Ng4+ 47. Kd2 Rf6 48. Rh4 Rxg6 49. b3 Ke7 50. a4 bxa4 51. bxa4 Nf6 52. Rc4 Kd6 53. a5 Rg8 54. a6 Ra8 55. Ra4 Nd5 56. c4 Nb4 57. a7 Nc6 58. Ke3 Rxa7 59. Rxa7 Nxa7 60. Ke4 Ke6 61. g4 Nc6 62. g5 Ne7 0-1


[Site "https://www.chess.com"]

[Event "Titled Tuesday Blitz July 26 Early 2022"]
[White "Guzman, Christopher"]
[Black "Mikhalsky, Vladimir"]
[WhiteFideId "6405096"]
[BlackFideId "14144352"]
[WhiteElo "2244"]
[BlackElo "2301"]
[Result "1-0"]
[Round "05"]
[TimeControl "180+1"]
[Date "2022.07.27"]
[WhiteClock "0:00:28"]
[BlackClock "0:00:06"]

1. e4 g6 2. d4 Bg7 3. Nc3 d6 4. Be3 a6 5. f3 b5 6. h4 h5 7. Qd2 Nf6 8. Nd1 O-O 9. Nf2 Nc6 10. Ngh3 b4 11. Ng5 e5 12. d5 Nd4 13. c3 bxc3 14. bxc3 Nb5 15. a4 Na7 16. Nfh3 c5 17. Bc4 a5 18. O-O Nd7 19. Rfb1 Nb6 20. Bd3 Bd7 21. Qc2 Rb8 22. Nf2 Qe8 23. c4 Bxa4 24. Qc3 Bd7 25. Qxa5 Nac8 26. Qd2 Bh6 27. Ra2 f6 28. Ngh3 Bxe3 29. Qxe3 Nxc4 30. Qc1 Rxb1 31. Qxb1 N4b6 32. f4 c4 33. Bf1 Qd8 34. Qc1 Qc7 35. Rc2 Kg7 36. Bxc4 Nxc4 37. Rxc4 Qb6 38. Kh2 Rf7 39. Rxc8 Bxc8 40. Qxc8 Qe3 41. fxe5 fxe5 42. Qc2 Qd4 43. Qe2 Qc3 44. Nh1 Qd4 45. Ng5 Rf4 46. g3 Rg4 47. Ne6+ Kf6 48. Nxd4 exd4 49. Nf2 1-0


[Site "https://www.chess.com"]

[Event "Titled Tuesday Blitz July 26 Early 2022"]
[White "Hakobyan, Aram"]
[Black "Hafiz, Arif Abdul"]
[WhiteFideId "13306677"]
[BlackFideId "7104227"]
[WhiteElo "2557"]
[BlackElo "2198"]
[Result "1-0"]
[Round "05"]
[TimeControl "180+1"]
[Date "2022.07.26"]
[WhiteClock "0:01:45"]
[BlackClock "0:00:05"]

1. e4 Nc6 2. Nf3 e5 3. Bb5 Nf6 4. O-O Nxe4 5. d4 Nd6 6. dxe5 Nxb5 7. a4 Nbd4 8. Nxd4 d5 9. Nxc6 bxc6 10. Qd3 Be7 11. Qg3 g6 12. Bh6 Be6 13. Nd2 Qb8 14. Nb3 c5 15. Rfd1 Qb4 16. Bg7 Rg8 17. Bf6 Bxf6 18. exf6 O-O-O 19. Nd2 a5 20. c3 Qb6 21. b4 axb4 22. cxb4 c4 23. a5 Qxb4 24. a6 Kd7 25. Nxc4 Qxc4 26. Rdc1 Qxc1+ 27. Rxc1 Rc8 28. a7 c5 29. Rb1 Rc7 30. Qa3 Ra8 31. Qa4+ Kd6 32. Qf4+ Kd7 33. Rb6 Raxa7 34. Qd6+ Ke8 35. h4 Rc8 36. Rb8 Ra1+ 37. Kh2 Rxb8 38. Qe7# 1-0


[Site "https://www.chess.com"]